TOP OF THE 1ST |
New Hampshire Fisher Cats batting - Pitching for Trenton Thunder : RHP Tim Honaker
|
Pitching: RHP Tim Honaker
|
|
Batting: RHB Tokuji Kawabata
|
0-0: Ball 1-0: Ground out U3 (Groundball, 23, EV 93.1 MPH)
|
Batting: RHB Stephen Casteel
|
0-0: Foul Ball, location: 2F 0-1: Swinging Strike 0-2: Ball 1-2: Ball 2-2: Ball 3-2: Ground out 3-1 (Groundball, 13, EV 95.0 MPH)
|
Batting: RHB Justin Geiger
|
0-0: Called Strike 0-1: Ball 1-1: Swinging Strike 1-2: Ball 2-2: Ball 3-2: Base on Balls
|
Batting: LHB Gabe Pace
|
0-0: Called Strike 0-1: Ball 1-1: Ball 2-1: Foul Ball, location: 2F 2-2: Foul Ball, location: 2F 2-2: Ball 3-2: Foul Ball, location: 2F 3-2: Base on Balls Justin Geiger to second
|
Batting: RHB John Hering
|
0-0: Ball 1-0: Ground out 4-3 (Groundball, 4S, EV 83.1 MPH)
|
Top of the 1st over - 0 runs, 0 hits, 0 errors, 2 left on base; New Hampshire 0 - Trenton 0 |
BOTTOM OF THE 1ST |
Trenton Thunder batting - Pitching for New Hampshire Fisher Cats : RHP Josh Weinmann
|
Pitching: RHP Josh Weinmann
|
|
Batting: RHB Jonathan Iniguez
|
0-0: Called Strike 0-1: Ball 1-1: Ball 2-1: Ground out 6-3 (Groundball, 6M, EV 85.0 MPH)
|
Batting: LHB Steve LeGrand
|
0-0: Foul Ball, location: 2F 0-1: Ball 1-1: DOUBLE (Groundball, 3L, EV 111.2 MPH)
|
Batting: SHB Corey Penson
|
0-0: Fly out, F7 (Line Drive, 7, EV 85.6 MPH)
|
Batting: LHB Dale Anderson
|
0-0: Ball 1-0: Called Strike 1-1: Called Strike 1-2: SINGLE (Groundball, 6MD, EV 100.6 MPH) Steve LeGrand to third Runner from 3rd tries for Home, SAFE, throw by CF to home Dale Anderson to second
|
Batting: SHB David Stewart
|
0-0: Ball 1-0: DOUBLE (Line Drive, 78XD, EV 98.1 MPH) Dale Anderson scores
|
Batting: RHB Elmar Adenauer
|
0-0: Ball 1-0: Foul Ball, location: 2F 1-1: Ground out 5-3 (Groundball, 5S, EV 83.8 MPH)
|
Bottom of the 1st over - 2 runs, 3 hits, 0 errors, 1 left on base; New Hampshire 0 - Trenton 2 |
TOP OF THE 2ND |
New Hampshire Fisher Cats batting - Pitching for Trenton Thunder : RHP Tim Honaker
|
Batting: RHB Chris Martin
|
0-0: Ball 1-0: Called Strike 1-1: Foul Ball, location: 2F 1-2: Ground out U3 (Groundball, 34, EV 103.1 MPH)
|
Batting: RHB Marcos Villalobos
|
0-0: Foul Ball, location: 2F 0-1: Ball 1-1: Foul Ball, location: 2F 1-2: Ball 2-2: Ball 3-2: Foul Ball, location: 2F 3-2: Foul Ball, location: 2F 3-2: SINGLE (Groundball, 56, EV 95.6 MPH) (infield hit)
|
Batting: LHB Kurt Estep
|
0-0: Called Strike Marcos Villalobos steals 2nd base 0-1: Ball 1-1: Swinging Strike 1-2: Strikes out swinging
|
Batting: RHB Justin Powell
|
0-0: Ball 1-0: Ground out 6-3 (Groundball, 6, EV 89.4 MPH)
|
Top of the 2nd over - 0 runs, 1 hit, 0 errors, 1 left on base; New Hampshire 0 - Trenton 2 |
BOTTOM OF THE 2ND |
Trenton Thunder batting - Pitching for New Hampshire Fisher Cats : RHP Josh Weinmann
|
Batting: RHB Javier Umanzor
|
0-0: Ball 1-0: Called Strike 1-1: Ball 2-1: Called Strike 2-2: SINGLE (Line Drive, 34D, EV 95.0 MPH)
|
Batting: SHB Houston Phillips
|
0-0: Ball 1-0: Foul Ball, location: 2F 1-1: Called Strike 1-2: Foul Ball, location: 2F 1-2: Strikes out swinging
|
Batting: RHB Christian Shearer
|
0-0: Foul Ball, location: 2F 0-1: Grounds into double play, 5-4-3 (Groundball, 56, EV 111.2 MPH)
|
Bottom of the 2nd over - 0 runs, 1 hit, 0 errors, 0 left on base; New Hampshire 0 - Trenton 2 |
TOP OF THE 3RD |
New Hampshire Fisher Cats batting - Pitching for Trenton Thunder : RHP Tim Honaker
|
Batting: RHB Tokuji Kawabata
|
0-0: Ball 1-0: Ball 2-0: Ball 3-0: Base on Balls
|
Batting: RHB Stephen Casteel
|
0-0: Called Strike 0-1: Ball Tokuji Kawabata steals 2nd base 1-1: Swinging Strike 1-2: Foul Ball, location: 2F 1-2: Fly out, F8 (Flyball, 8LD, EV 90.6 MPH)
|
Batting: RHB Justin Geiger
|
0-0: Ground out 5-3 (Groundball, 56D, EV 107.5 MPH)
|
Batting: LHB Gabe Pace
|
0-0: Called Strike 0-1: Ball 1-1: Ball 2-1: Ball 3-1: SINGLE (Groundball, 34D, EV 103.1 MPH) (infield hit) Tokuji Kawabata to third
|
Batting: RHB John Hering
|
0-0: Ball 1-0: Swinging Strike 1-1: Ball 2-1: Ball 3-1: Foul Ball, location: 2F 3-2: Foul Ball, location: 2F 3-2: Base on Balls Gabe Pace to second
|
Batting: RHB Chris Martin
|
0-0: Ball 1-0: Fly out, F9 (Flyball, 89D, EV 89.4 MPH)
|
Top of the 3rd over - 0 runs, 1 hit, 0 errors, 3 left on base; New Hampshire 0 - Trenton 2 |
BOTTOM OF THE 3RD |
Trenton Thunder batting - Pitching for New Hampshire Fisher Cats : RHP Josh Weinmann
|
Batting: RHB Jonathan Iniguez
|
0-0: Foul Ball, location: 2F 0-1: Ball 1-1: Foul Ball, location: 2F 1-2: Foul Ball, location: 2F 1-2: Fly out, F9 (Line Drive, 89S, EV 98.8 MPH)
|
Batting: LHB Steve LeGrand
|
0-0: Ball 1-0: Foul Ball, location: 2F 1-1: Ball 2-1: Ball 3-1: Called Strike 3-2: Ground out 5-3 (Groundball, 5, EV 104.4 MPH)
|
Batting: SHB Corey Penson
|
0-0: Ground out 5-3 (Groundball, 56, EV 100.0 MPH)
|
Bottom of the 3rd over - 0 runs, 0 hits, 0 errors, 0 left on base; New Hampshire 0 - Trenton 2 |
TOP OF THE 4TH |
New Hampshire Fisher Cats batting - Pitching for Trenton Thunder : RHP Tim Honaker
|
Batting: RHB Marcos Villalobos
|
0-0: Ground out 5-3 (Groundball, 5, EV 90.0 MPH)
|
Batting: LHB Kurt Estep
|
0-0: DOUBLE (Line Drive, 78M, EV 97.5 MPH)
|
Batting: RHB Justin Powell
|
0-0: Ball 1-0: Swinging Strike 1-1: Foul Ball, location: 2F 1-2: Ball 2-2: Ball 3-2: Base on Balls
|
Batting: RHB Tokuji Kawabata
|
0-0: Fielders Choice at 3rd, U5 (Groundball, 5L, EV 82.5 MPH) Justin Powell to second
|
Batting: RHB Stephen Casteel
|
0-0: Called Strike 0-1: Ball 1-1: Ball 2-1: Ground out U3 (Groundball, 34, EV 97.5 MPH)
|
Top of the 4th over - 0 runs, 1 hit, 0 errors, 2 left on base; New Hampshire 0 - Trenton 2 |
BOTTOM OF THE 4TH |
Trenton Thunder batting - Pitching for New Hampshire Fisher Cats : RHP Josh Weinmann
|
Batting: LHB Dale Anderson
|
0-0: Fly out, F9 (Flyball, 9LD, EV 98.8 MPH)
|
Batting: SHB David Stewart
|
0-0: Swinging Strike 0-1: Foul Ball, location: 2F 0-2: SINGLE (Line Drive, 56D, EV 100.0 MPH)
|
Batting: RHB Elmar Adenauer
|
0-0: Ball 1-0: Called Strike 1-1: Ball 2-1: Foul Ball, location: 2F 2-2: Ball 3-2: Base on Balls David Stewart to second
|
Batting: RHB Javier Umanzor
|
0-0: Ball 1-0: Called Strike 1-1: Ball 2-1: TRIPLE (Flyball, 78XD, EV 89.4 MPH) David Stewart scores Elmar Adenauer scores
|
Batting: SHB Houston Phillips
|
0-0: Ball 1-0: Called Strike 1-1: Ball 2-1: DOUBLE (Line Drive, 89D, EV 103.8 MPH) Javier Umanzor scores
|
Batting: RHB Christian Shearer
|
0-0: Ball 1-0: Fly out, F2 (Popup, 23F, EV 85.6 MPH)
|
Batting: RHB Jonathan Iniguez
|
0-0: Foul Ball, location: 2F 0-1: Ball 1-1: Foul Ball, location: 2F 1-2: Foul Ball, location: 2F 1-2: Foul Ball, location: 2F 1-2: Foul Ball, location: 2F 1-2: Ball 2-2: Foul Ball, location: 2F 2-2: SINGLE (Groundball, 4MD, EV 105.0 MPH) Houston Phillips to third Runner from 3rd tries for Home, SAFE, throw by CF to home
|
Pitching: LHP Bryan Reynolds
|
|
Batting: LHB Steve LeGrand
|
0-0: Ground out 4-3 (Groundball, 34D, EV 104.4 MPH)
|
Bottom of the 4th over - 4 runs, 4 hits, 0 errors, 1 left on base; New Hampshire 0 - Trenton 6 |
TOP OF THE 5TH |
New Hampshire Fisher Cats batting - Pitching for Trenton Thunder : RHP Tim Honaker
|
Batting: RHB Justin Geiger
|
0-0: Foul Ball, location: 2F 0-1: Swinging Strike 0-2: Ball 1-2: Foul Ball, location: 2F 1-2: Foul Ball, location: 2F 1-2: Ground out 6-3 (Groundball, 56, EV 107.5 MPH)
|
Batting: LHB Gabe Pace
|
0-0: Swinging Strike 0-1: Ball 1-1: Swinging Strike 1-2: Ball 2-2: Strikes out swinging
|
Batting: RHB John Hering
|
0-0: Ball 1-0: Foul Ball, location: 2F 1-1: Foul Ball, location: 2F 1-2: Ball 2-2: Ball 3-2: Base on Balls
|
Batting: RHB Chris Martin
|
0-0: Called Strike 0-1: Ball 1-1: Foul Ball, location: 2F 1-2: Ball 2-2: Fly out, F9 (Flyball, 9LSF, EV 91.9 MPH)
|
Top of the 5th over - 0 runs, 0 hits, 0 errors, 1 left on base; New Hampshire 0 - Trenton 6 |
BOTTOM OF THE 5TH |
Trenton Thunder batting - Pitching for New Hampshire Fisher Cats : LHP Bryan Reynolds
|
Batting: SHB Corey Penson
|
0-0: Foul Ball, location: 2F 0-1: Foul Ball, location: 2F 0-2: Foul Ball, location: 2F 0-2: Ball 1-2: Strikes out looking
|
Batting: LHB Dale Anderson
|
0-0: Ball 1-0: Fly out, F9 (Flyball, 9D, EV 91.9 MPH)
|
Batting: SHB David Stewart
|
0-0: Called Strike 0-1: Foul Ball, location: 2F 0-2: Ball 1-2: Strikes out swinging
|
Bottom of the 5th over - 0 runs, 0 hits, 0 errors, 0 left on base; New Hampshire 0 - Trenton 6 |
TOP OF THE 6TH |
New Hampshire Fisher Cats batting - Pitching for Trenton Thunder : RHP Tim Honaker
|
Pitching: RHP Ken Howington
|
|
Batting: RHB Marcos Villalobos
|
0-0: Ball 1-0: Ball 2-0: Ball 3-0: Foul Ball, location: 2F 3-1: Base on Balls
|
Batting: LHB Kurt Estep
|
0-0: Fly out, F7 (Flyball, 7S, EV 96.2 MPH)
|
Batting: RHB Justin Powell
|
0-0: Called Strike Marcos Villalobos steals 2nd base 0-1: Fly out, F9 (Line Drive, 9, EV 103.8 MPH)
|
Batting: RHB Tokuji Kawabata
|
0-0: Ball 1-0: Called Strike 1-1: Ball 2-1: Foul Ball, location: 2F 2-2: Ball 3-2: Fly out, F7 (Line Drive, 7, EV 106.9 MPH)
|
Top of the 6th over - 0 runs, 0 hits, 0 errors, 1 left on base; New Hampshire 0 - Trenton 6 |
BOTTOM OF THE 6TH |
Trenton Thunder batting - Pitching for New Hampshire Fisher Cats : LHP Bryan Reynolds
|
Batting: RHB Elmar Adenauer
|
0-0: Called Strike 0-1: Ball 1-1: Ball 2-1: Foul Ball, location: 2F 2-2: Strikes out swinging
|
Batting: RHB Javier Umanzor
|
0-0: Ball 1-0: Foul Ball, location: 2F 1-1: Ground out 4-3 (Groundball, 4M, EV 85.0 MPH)
|
Batting: SHB Houston Phillips
|
0-0: Called Strike 0-1: Ball 1-1: Swinging Strike 1-2: Foul Ball, location: 2F 1-2: Strikes out looking
|
Bottom of the 6th over - 0 runs, 0 hits, 0 errors, 0 left on base; New Hampshire 0 - Trenton 6 |
TOP OF THE 7TH |
New Hampshire Fisher Cats batting - Pitching for Trenton Thunder : RHP Ken Howington
|
Batting: RHB Stephen Casteel
|
0-0: Called Strike 0-1: Ball 1-1: Ground out 4-3 (Groundball, 4, EV 99.4 MPH)
|
Batting: RHB Justin Geiger
|
0-0: Ball 1-0: Ground out 6-3 (Groundball, 6MD, EV 79.4 MPH)
|
Batting: LHB Gabe Pace
|
0-0: Foul Ball, location: 2F 0-1: Ball 1-1: Ball 2-1: DOUBLE (Flyball, 8LXD, EV 103.8 MPH)
|
Batting: RHB John Hering
|
0-0: Ball 1-0: Ground out 4-3 (Groundball, 4, EV 85.6 MPH)
|
Top of the 7th over - 0 runs, 1 hit, 0 errors, 1 left on base; New Hampshire 0 - Trenton 6 |
BOTTOM OF THE 7TH |
Trenton Thunder batting - Pitching for New Hampshire Fisher Cats : LHP Bryan Reynolds
|
Batting: RHB Christian Shearer
|
0-0: DOUBLE (Groundball, 5L, EV 110.0 MPH)
|
Batting: RHB Jonathan Iniguez
|
0-0: Ball 1-0: Ball 2-0: Foul Ball, location: 2F 2-1: Foul Ball, location: 2F 2-2: Ball 3-2: DOUBLE (Flyball, 89D, EV 101.9 MPH) Christian Shearer scores
|
Pinch Hitting: RHB Alex Colon
|
0-0: Foul Ball, location: 2F 0-1: Called Strike 0-2: Ball 1-2: SINGLE (Groundball, 4MD, EV 95.6 MPH) Jonathan Iniguez to third
|
Pinch Hitting: RHB Tim Osborn
|
0-0: Called Strike 0-1: Ball Wild Pitch! Jonathan Iniguez scores Alex Colon to second 1-1: Ball 2-1: Foul Ball, location: 2F 2-2: Foul Ball, location: 2F 2-2: Fly out, F9 (Flyball, 9LS, EV 80.0 MPH)
|
Batting: LHB Dale Anderson
|
0-0: Ball 1-0: Ball 2-0: Foul Ball, location: 2F 2-1: Ball 3-1: Called Strike 3-2: Base on Balls
|
Pitching: RHP Danny Walker
|
|
Batting: SHB David Stewart
|
0-0: Ball 1-0: Ground out 4-3 (Groundball, 4S, EV 67.5 MPH) Alex Colon to third Dale Anderson to second
|
Batting: RHB Elmar Adenauer
|
0-0: Ball 1-0: Called Strike 1-1: Called Strike 1-2: Foul Ball, location: 2F 1-2: Ball 2-2: Ball 3-2: Ground out 5-3 (Groundball, 5S, EV 84.4 MPH)
|
Bottom of the 7th over - 2 runs, 3 hits, 0 errors, 2 left on base; New Hampshire 0 - Trenton 8 |
TOP OF THE 8TH |
New Hampshire Fisher Cats batting - Pitching for Trenton Thunder : RHP Ken Howington
|
Now at 1B: Tim Osborn
|
|
Now in LF: Alex Colon
|
|
Batting: RHB Chris Martin
|
0-0: Ball 1-0: SINGLE (Groundball, 6M, EV 98.8 MPH)
|
Pitching: RHP David Durr
|
|
Batting: RHB Marcos Villalobos
|
0-0: Ball 1-0: Ball 2-0: Ball 3-0: Called Strike 3-1: 2-RUN HOME RUN (Flyball, 9D, EV 98.8 MPH), Distance : 389 ft
|
Batting: LHB Kurt Estep
|
0-0: Ground out 4-3 (Groundball, 4, EV 107.5 MPH)
|
Pinch Hitting: SHB Gregg Whitecotton
|
0-0: Called Strike 0-1: Ground out 4-3 (Groundball, 4, EV 89.4 MPH)
|
Batting: RHB Tokuji Kawabata
|
0-0: Ball 1-0: Fly out, F9 (Flyball, 9D, EV 105.0 MPH)
|
Top of the 8th over - 2 runs, 2 hits, 0 errors, 0 left on base; New Hampshire 2 - Trenton 8 |
BOTTOM OF THE 8TH |
Trenton Thunder batting - Pitching for New Hampshire Fisher Cats : RHP Danny Walker
|
Now in CF: Kurt Estep
|
|
Now in RF: Gregg Whitecotton
|
|
Batting: RHB Javier Umanzor
|
0-0: Swinging Strike 0-1: Swinging Strike 0-2: SINGLE (Line Drive, 4M, EV 101.2 MPH)
|
Batting: SHB Houston Phillips
|
0-0: Ball 1-0: Foul Ball, location: 2F 1-1: Ball 2-1: Ball 3-1: Fielders Choice at 2nd, 6-4 (Groundball, 56, EV 110.0 MPH)
|
Batting: RHB Christian Shearer
|
0-0: Swinging Strike 0-1: SINGLE (Groundball, 34D, EV 95.6 MPH) Houston Phillips to second Runner from 2nd tries for 3rd, OUT! 9-5
|
Batting: RHB Jonathan Iniguez
|
0-0: Called Strike 0-1: SINGLE (Groundball, 6MD, EV 95.0 MPH) Christian Shearer to second Runner from 2nd tries for 3rd, OUT! 8-5
|
Bottom of the 8th over - 0 runs, 3 hits, 0 errors, 1 left on base; New Hampshire 2 - Trenton 8 |
TOP OF THE 9TH |
New Hampshire Fisher Cats batting - Pitching for Trenton Thunder : RHP David Durr
|
Batting: RHB Stephen Casteel
|
0-0: Foul Ball, location: 2F 0-1: Ball 1-1: Ground out 4-3 (Groundball, 4, EV 85.0 MPH)
|
Batting: RHB Justin Geiger
|
0-0: Ball 1-0: Called Strike 1-1: Foul Ball, location: 2F 1-2: Fly out, F9 (Flyball, 9LSF, EV 92.5 MPH)
|
Batting: LHB Gabe Pace
|
0-0: Foul Ball, location: 2F 0-1: Ball 1-1: Ground out 4-3 (Groundball, 4, EV 105.6 MPH)
|
Top of the 9th over - 0 runs, 0 hits, 0 errors, 0 left on base; New Hampshire 2 - Trenton 8 |
|